 Dungeon Crawl Stone Soup version 0.28.0 (webtiles) character file.

Game seed: 11066261288256363754

61 HallandMoats the Skirmisher (level 3, -1/29 HPs)
             Began as a Demonspawn Fighter on Feb 6, 2022.
             Slain by Pikel (2 damage)
             ... on level 3 of the Dungeon.
             The game lasted 00:02:22 (3147 turns).

HallandMoats the Skirmisher (Demonspawn Fighter)    Turns: 3147, Time: 00:02:22

Health: -1/29      AC:  7    Str: 18    XL:     3   Next: 83%
Magic:  4/4        EV:  9    Int:  9    God:
Gold:   169        SH:  4    Dex: 12    Spells: 2/2 levels left

rFire   . . .      SeeInvis .   a - +0 war axe
rCold   . . .      Faith    .   c - +0 buckler
rNeg    . . .      Spirit   .   b - +0 scale mail
rPois   .          Reflect  .   n - +1 hat
rElec   .          Harm     .   (no cloak)
rCorr   .          Rampage  .   (no gloves)
Will    .....                   (no boots)
Stlth   ..........              (no amulet)
HPRegen 0.09/turn               (no ring)
MPRegen 0.18/turn               (no ring)

@: mighty
A: magic regeneration, demonic touch 1
a: no special abilities


You were on level 3 of the Dungeon.
You visited 1 branch of the dungeon, and saw 4 of its levels.

You collected 169 gold pieces.

Inventory:

Hand Weapons
 a - a +0 war axe (weapon)
Armour
 b - a +0 scale mail (worn)
 c - a +0 buckler (worn)
 n - a +1 hat (worn)
Scrolls
 f - 5 scrolls of identify {unknown}
 k - a scroll of magic mapping {unknown}
 l - a scroll of enchant armour {unknown}
 m - a scroll of teleportation {unknown}
Potions
 e - a potion of curing {unknown}
 g - a potion of cancellation {unknown}
 h - a potion of heal wounds {unknown}
 i - a potion of lignification {unknown}
 j - a potion of brilliance {unknown}
 o - a potion of resistance {unknown}
 p - a potion of degeneration {unknown}
 q - a potion of attraction {unknown}


   Skills:
 * Level 3.5 Fighting
 * Level 2.2 Axes
 + Level 2.8 Armour
 + Level 0.7 Dodging
 + Level 3.0 Shields
 * Level 2.0 Invocations


You had 2 spell levels left.
You didn't know any spells.
Your spell library contained the following spells:

 Spells                   Type           Power      Damage    Failure   Level
 Animate Skeleton         Necr           0%         N/A       86%         1
 Apportation              Tloc           0%         N/A       86%         1
 Slow                     Hex            0%         N/A       86%         1
 Summon Small Mammal      Summ           0%         N/A       86%         1
 Ensorcelled Hibernation  Hex/Ice        0%         N/A       95%         2
 Passwall                 Tmut/Erth      0%         N/A       95%         2
 Swiftness                Air            0%         N/A       99%         3
 Iskenderun's Battlesphe  Conj           0%         2d6       100%        5
 Iron Shot                Conj/Erth      0%         9d1       100%        6
 Spellforged Servitor     Conj/Summ      0%         N/A       100%        7


Dungeon Overview and Level Annotations

Branches:
Dungeon (4/15)
 Temple: D:4-7

Altars:

Annotations:
D:3 Pikel


Innate Abilities, Weirdness & Mutations

You regenerate magic rapidly.
Your touch may inflict minor irresistible damage on your foes.


Message History

You kill the endoplasm!
Your Invocations skill increases to level 2!
You slash the endoplasm!
You kill the endoplasm!
You see here 19 stones.
q - a red potion No target in view!
A lemure comes into view.
The lemure shouts!
You hear a shout!
A lemure is nearby!
A lemure is nearby!
A lemure is nearby!
A lemure is nearby!
Pikel, Merchant of Souls comes into view.
He is wielding a +2 whip of flaming.
Pikel shouts!
You hear a shout!
A lemure comes into view.
Found a stone staircase leading up.
Found an escape hatch in the ceiling.
The lemure shouts!
You hear a shout!
A lemure comes into view.
Pikel cracks his whip.
Found a potion of might.
There is a stone staircase leading up here.
Pikel hits you with a +2 whip of flaming!
Pikel burns you.
You climb upwards.
There is a stone staircase leading down here.
You feel very mighty all of a sudden.
Pikel hits you with a +2 whip of flaming.
Pikel burns you.
You hit Pikel.
Pikel is lightly wounded.
Pikel hits you with a +2 whip of flaming!
* * * LOW HITPOINT WARNING * * *
Pikel burns you.
* * * LOW HITPOINT WARNING * * *
Pikel hits you with a +2 whip of flaming.
* * * LOW HITPOINT WARNING * * *
Pikel burns you.
You die...

##########
##############.........
#............#.........
#............#.........
#............#.........
#............#.........
#............#.........
#......K.....#.........
#.....@......'.........
#............#.........
#............#.........
######'######..........
#.# #..........
#######.# #..........
#.......############....
#.#####.................
#.# ############.###.#


You could see Pikel.

Vanquished Creatures
  2 adders
  2 dart slugs (D:2)
  An orc (D:4)
  8 endoplasms
  A giant cockroach (D:2)
  A goblin (D:4)
  2 hobgoblins
  3 jackals (D:1)
  3 quokkas
  4 ball pythons
  2 bats
  A frilled lizard (D:1)
  2 kobolds
  4 rats
36 creatures vanquished.

Notes
Turn   | Place    | Note
-------+----------+-------------------------------------------
     0 | D:1      | HallandMoats the Demonspawn Fighter began the quest for the
                  | Orb.
     0 | D:1      | Reached XP level 1. HP: 18/18 MP: 1/1
   488 | D:1      | Gained mutation: Your touch may inflict minor irresistible
                  | damage on your foes. [demonic ancestry]
   488 | D:1      | Reached XP level 2. HP: 14/24 MP: 2/2
   753 | D:1      | Reached skill level 1 in Invocations
   955 | D:2      | Found a faded altar of an unknown god.
   970 | D:2      | Got Plato's Papyrus of Curses
  1168 | D:2      | Gained mutation: You regenerate magic rapidly. [demonic
                  | ancestry]
  1168 | D:2      | Reached XP level 3. HP: 11/29 MP: 4/4
  3106 | D:4      | Noticed a lemure
  3111 | D:4      | Noticed Pikel
  3133 | D:4      | Noticed a lemure
  3138 | D:4      | Noticed a lemure
  3147 | D:3      | HP: 1/29 [Pikel (5)]
  3147 | D:3      | Slain by Pikel

Illustrated notes

Levels and vault maps discovered:
D:1:      tarquinn_simple_flora_water_f, layout_loops_ring
D:2:      layout_basic, shapermc_ecumenical_altar_rom_forum
D:3:      layout_basic, kennysheep_generic_room_3
D:4:      layout_cave_pools, uniq_pikel

Skill      XL: |  1  2  3 |
---------------+----------+-----
Axes           | 2 |  2.2
Invocations    | 1 2 |  2.0
Shields        | 3 |  3.0
Fighting       | |  3.5
Armour         | |  2.8
Dodging        | |  0.7

Action                   || total
-------------------------++-------
Melee: War axe           ||   104
  Use: Potion            ||     1
Armor: Scale mail        ||    45
Dodge: Dodged            ||    39
Block: Buckler           ||    25
